[Event "Late-Titled-Tuesday-Blitz-October-03-2023"]
[Site "Chess.com"]
[Date "2023.10.03"]
[Round "4"]
[White "ozates"]
[Black "vanyakuba"]
[Result "1-0"]
[WhiteElo "2626"]
[BlackElo "2375"]
[TimeControl "180+1"]
[EndTime "14:38:49 PDT"]
[Termination "ozates won on time"]

1. g3 d5 2. Bg2 Nf6 3. c4 c6 4. Qc2 g6 5. Nf3 Bg7 6. O-O O-O 7. d3 Re8 8. e4 Na6 9. a3 dxe4 10. dxe4 Nc5 11.
Nc3 Qd3 12. Qxd3 Nxd3 13. Rd1 Nxc1 14. Raxc1 Be6 15. b3 Bg4 16. h3 Bxf3 17. Bxf3 Red8 18. Be2 Nd7 19. Na4 c5 20. f4 Bd4+ 21. Kg2 e6 22. e5 f6 23. exf6 Nxf6 24. Bf3 Rab8 25. Re1 Kf7 26. Re2 a6 27. Nc3 b5 28. cxb5 axb5 29. Ne4 Nxe4 30. Rxe4 Rd6 31. Rce1 Ra6 32. Bg4 Rbb6 33. h4 h5 34. Bh3 Kf6 35. g4 hxg4 36. Bxg4 Rd6 37. a4 bxa4 38. bxa4 c4 39. Bd1 Rab6 40. R1e2 c3 41. Bc2 Rb2 42. Kf3 Ra2 43. Rg2 Rb2 44. Ree2 Ke7 45. Rxg6 Ra2 46. f5 e5 47. h5 Rxg6 48. fxg6 Kf6 49. Ke4 Ra1 50. Rg2 Re1+ 51. Kd5 Rh1 52. g7 1-0

[Event "Late-Titled-Tuesday-Blitz-October-03-2023"]
[Site "Chess.com"]
[Date "2023.10.03"]
[Round "4"]
[White "AsaHoffmann"]
[Black "Deeper44"]
[Result "1-0"]
[WhiteElo "2384"]
[BlackElo "2563"]
[TimeControl "180+1"]
[EndTime "14:38:50 PDT"]
[Termination "AsaHoffmann won by resignation"]

1. d4 Nf6 2. Bg5 e6 3. Nd2 Be7 4. e3 d5 5. Bd3 c5 6. c3 Nc6 7. f4 Nd7 8. Ngf3 h6 9. Bxe7 Qxe7 10. O-O O-O 11. Ne5 cxd4 12. exd4 Ndxe5 13. fxe5 f6 14. exf6 Rxf6 15. Qh5 Bd7 16. Rxf6 Qxf6 17. Rf1 Be8 18. Rxf6 Bxh5 19. Rxe6 Kf7 20. Re3 g5 21. h3 Kf6 22. g4 Bf7 23. Nf3 Re8 24. Kf2 Rxe3 25.
Kxe3 a6 26. a4 Be6 27. b4 Bd7 28. b5 Na5 29. bxa6 bxa6 30. Bxa6 Bxa4 31. Ne5 Bc2 32. Bd3 Ba4 33. c4 dxc4 34. Bxc4 Nxc4+ 35. Nxc4 Bc6 36.
Kf2 Ke6 37. Ne3 Be4 38. Kg3 Bd3 39. h4 Be4 40. hxg5 hxg5 41. Kf2 Bd3 42. Kf3 Bb1 43.
Ke2 Be4 44. Kd2 Bb1 45. Kc3 Be4 46. Kb4 Kd6 47. Kc4 Bf3 48. d5 Be2+ 49. Kd4 Bf3 50. Nc4+ Ke7 51. Ne5 Be2 52. Kc5 Kf6 53. d6 Ke6 54. d7 Ke7 55. Kc6 Bd1 56. Kc7 Ke6 57. d8=Q Kxe5 58. Qxd1 Ke4 59. Qf1 1-0

[Event "Late-Titled-Tuesday-Blitz-October-03-2023"]
[Site "Chess.com"]
[Date "2023.10.03"]
[Round "4"]
[White "emeli_chess"]
[Black "zajka-molotok"]
[Result "1-0"]
[WhiteElo "2379"]
[BlackElo "2552"]
[TimeControl "180+1"]
[EndTime "14:38:50 PDT"]
[Termination "emeli_chess won by checkmate"]

1. d4 d5 2. c4 c6 3. Nc3 Nf6 4. e3 g6 5. Nf3 Bg7 6. Be2 O-O 7. O-O Bg4 8. cxd5 cxd5 9. h3 Bxf3 10. Bxf3 Nc6 11.
Bd2 e6 12. Rc1 Rc8 13. Qa4 a6 14. Rc2 Qb6 15. Rfc1 Qb4 16. a3 Qe7 17. b4 Ra8 18. Qb3 Nd7 19. Na4 Rfc8 20. Nc5 Nb6 21. Be2 h5 22. a4 h4 23. b5 axb5 24. axb5 Na5 25. Bxa5 Rxa5 26. Ra2 Rca8 27. Rca1 Rxa2 28. Rxa2 Rxa2 29.
Qxa2 e5 30. Qa7 exd4 31. Qxb6 dxe3 32. Nd3 d4 33. Qc5 exf2+ 34. Kxf2 Qe3+ 35. Ke1 Bf6 36. Qc8+ Kg7 37. Qxb7 Bg5 38. Qf3 Qd2+ 39. Kf1 Be3 40. g3 hxg3 41. Qxg3 Qc2 42. Ne1 Qb1 43. h4 Qb2 44. h5 Qb4 45. hxg6 fxg6 46. Qe5+ Kh6 47.
Nf3 Qb1+ 48. Kg2 Qc2 49. Qh8# 1-0

[Event "Late-Titled-Tuesday-Blitz-October-03-2023"]
[Site "Chess.com"]
[Date "2023.10.03"]
[Round "4"]
[White "NMZanette"]
[Black "jjbolanos"]
[Result "1-0"]
[WhiteElo "2305"]
[BlackElo "2086"]
[TimeControl "180+1"]
[EndTime "14:38:50 PDT"]
[Termination "NMZanette won on time"]

1. e4 c5 2. Nc3 Nc6 3. f4 d6 4. Nf3 Nf6 5. Bb5 Bd7 6. d3 a6 7. Bxc6 Bxc6 8. O-O g6 9. e5 dxe5 10. Nxe5 Bd5 11. Be3 b6 12. Nxd5 Qxd5 13. Nc4 Qb7 14.
Qe2 Rd8 15. f5 Bg7 16. fxg6 hxg6 17. Rae1 Nd5 18. Bg5 Bd4+ 19. Kh1 Qc7 20. h3 f6 21. Bc1 g5 22. Qe4 Qg3 23. Rf3 Qh4 24. c3 Qxe4 25. dxe4 b5 26. Na5 Nf4 27. Bxf4 gxf4 28.
cxd4 cxd4 29. Rxf4 d3 30. Nb3 e5 31. Rxf6 a5 32.
Nxa5 Rh4 33. Nb3 d2 34. Rd1 Rxe4 35. Rff1 Re2 36. Kh2 e4 37. Kg3 Rd3+ 38. Kf4 e3 39. Kf3 1-0

[Event "Late-Titled-Tuesday-Blitz-October-03-2023"]
[Site "Chess.com"]
[Date "2023.10.03"]
[Round "4"]
[White "Vaathi_Coming"]
[Black "GM_dmitrij"]
[Result "0-1"]
[WhiteElo "2885"]
[BlackElo "3060"]
[TimeControl "180+1"]
[EndTime "14:38:51 PDT"]
[Termination "GM_dmitrij won on time"]

1. d4 Nf6 2. Nf3 e6 3. e3 d5 4. Bd3 b6 5. O-O Bb7 6. b3 Bd6 7. Bb2 O-O 8. Nbd2 Ne4 9. c4 Nd7 10. Qc2 Ndf6 11. Rad1 Qe7 12. Ne5 Nxd2 13. Rxd2 c5 14.
dxc5 Bxc5 15. h3 Rac8 16. Qb1 Rfd8 17. Rfd1 Bb4 18. Rc2 dxc4 19. Nxc4 b5 20. Ne5 a6 21. Rxc8 Rxc8 22. Bxh7+ Nxh7 23. Rd7 Qc5 24. Rxf7 Qc2 25. Rxg7+ Kf8 26. Qxc2 Rxc2 27. Rxb7 Rxb2 28. Rxh7 Rxa2 29. g4 a5 30. g5 Bc3 31. Nd7+ Kg8 32. g6 a4 33.
bxa4 bxa4 34. Re7 a3 35. e4 Rd2 36. e5 Rxd7 37. Rxd7 a2 38. Ra7 a1=Q+ 39. Rxa1 Bxa1 40. f4 Kg7 41. Kf2 Kxg6 42. Kf3 Kf5 43. h4 Bb2 44. h5 Bc1 45. h6 Bxf4 0-1

[Event "Late-Titled-Tuesday-Blitz-October-03-2023"]
[Site "Chess.com"]
[Date "2023.10.03"]
[Round "4"]
[White "KNVB"]
[Black "maksimys18"]
[Result "1-0"]
[WhiteElo "2699"]
[BlackElo "2522"]
[TimeControl "180+1"]
[EndTime "14:38:52 PDT"]
[Termination "KNVB won by checkmate"]

1. d4 e6 2. Nc3 d5 3. Bf4 Bd6 4. e3 f5 5. Nf3 Nf6 6. Bd3 O-O 7. O-O Bd7 8. Ne5 Be8 9. h3 Nbd7 10. Nb5 Bh5 11. f3 Bxe5 12. dxe5 Ne8 13. g4 Bg6 14. Nd4 Qe7 15. b4 c5 16. bxc5 Nxc5 17. gxf5 Bxf5 18.
Bxf5 exf5 19. Qe1 Nc7 20. Rb1 b6 21. Qg3 N7e6 22. h4 Nxf4 23. exf4 Ne6 24. c3 Rac8 25. Rb3 Rc4 26. Rd1 Nxd4 27. Rxd4 Rxd4 28. cxd4 Rc8 29. Rb2 Qa3 30. Qf2 Qd3 31. Rd2 Rc1+ 32. Kg2 Qc3 33.
Re2 Kf7 34. h5 Qd3 35. Rd2 Qc3 36. Re2 Qc4 37. h6 gxh6 38. e6+ Ke8 39. e7 h5 40. Kh2 b5 41. Qg2 Qc8 42. Qg8+ Kd7 43. e8=Q+ Qxe8 44. Qxe8+ Kc7 45. Re7+ Kb6 46. Re6+ Ka5 47. Qd8+ Kb4 48. Qxd5 Rc2+ 49. Kg3 a6 50. Qb3+ Ka5 51. Qa3# 1-0

[Event "Late-Titled-Tuesday-Blitz-October-03-2023"]
[Site "Chess.com"]
[Date "2023.10.03"]
[Round "4"]
[White "ValeriyGrinev"]
[Black "lemures27"]
[Result "0-1"]
[WhiteElo "2584"]
[BlackElo "2446"]
[TimeControl "180+1"]
[EndTime "14:38:53 PDT"]
[Termination "lemures27 won by checkmate"]

1. e4 c5 2. Nf3 d6 3. Bb5+ Nd7 4. O-O Nf6 5. Re1 a6 6. Bd3 b5 7. c3 Bb7 8. Bc2 Rc8 9. d3 e6 10. Nbd2 Qc7 11. Nf1 Be7 12. Ng3 O-O 13. a4 Rfe8 14. axb5 axb5 15. Bg5 h6 16. Bxf6 Nxf6 17. h3 Ra8 18. Qd2 Nd7 19. h4 Rec8 20. Bb3 c4 21. dxc4 bxc4 22. Bc2 Nc5 23. Qf4 Nd3 24. Bxd3 cxd3 25.
Qe3 Qc4 26. Nd2 Qb5 27. Rxa8 Bxa8 28. Rb1 d5 29. exd5 Bxd5 30. h5 Bg5 31. f4 Be7 32.
Kh2 Bc5 33. Qe1 Ba2 34. Ra1 Qxb2 35. Nde4 Bf8 36. f5 Bd5 37. fxe6 Bxe6 38. Rd1 Rd8 39.
Qe3 Qb5 40. Rd2 Bc4 41. Qf3 Qe5 42. Kh1 Rb8 43. Rf2 Rb1+ 44. Kh2 Re1 45. Nd2 Qxc3 46.
Nxc4 Qxc4 47. Nf5 Re2 48. Rf1 d2 49. Qg3 Kh7 50. Rd1 Qd5 51. Qg4 Qe5+ 52. Ng3 Bd6 53. Kh3 Re3 54. Kh2 Rxg3 55. Kh1 Rxg4 56. Rxd2 Qe1# 0-1

[Event "Late-Titled-Tuesday-Blitz-October-03-2023"]
[Site "Chess.com"]
[Date "2023.10.03"]
[Round "4"]
[White "miraitrunks"]
[Black "RichardLeyvaP"]
[Result "0-1"]
[WhiteElo "2202"]
[BlackElo "2595"]
[TimeControl "180+1"]
[EndTime "14:38:54 PDT"]
[Termination "RichardLeyvaP won on time"]

1. e4 e5 2. Nf3 Nc6 3. d4 exd4 4.
Nxd4 Bc5 5. Nxc6 Qf6 6. Qf3 bxc6 7. Qxf6 Nxf6 8. Bd3 d5 9. e5 Nd7 10. Bf4 O-O 11.
O-O Bd4 12. c3 Bxe5 13. Be3 Bd6 14. Rd1 Ne5 15. Be2 Ng4 16. Bxg4 Bxg4 17. Rd4 Be6 18. Nd2 Rfb8 19. Nb3 c5 20. Rd2 c4 21. Nd4 c5 22.
Ne2 Rb5 23. Nf4 Rab8 24. Rb1 d4 25. cxd4 cxd4 26. Rxd4 Rxb2 27. Rbd1 Bf8 28. Nxe6 fxe6 29. Rxc4 Rxa2 30. Rc7 a5 31. g3 a4 32. Ra7 a3 33. Rdd7 e5 34. Bg5 Rab2 35. Be7 Rb1+ 36. Kg2 Bxe7 37. Rxe7 a2 0-1

[Event "Late-Titled-Tuesday-Blitz-October-03-2023"]
[Site "Chess.com"]
[Date "2023.10.03"]
[Round "4"]
[White "Bauman_Guy"]
[Black "Likvidator228"]
[Result "1-0"]
[WhiteElo "2867"]
[BlackElo "2567"]
[TimeControl "180+1"]
[EndTime "14:38:55 PDT"]
[Termination "Bauman_Guy won by resignation"]

1. e4 c5 2. Nf3 g6 3. d4 cxd4 4. Nxd4 Bg7 5. c4 Nc6 6. Be3 Nf6 7. Nc3 O-O 8. Be2 d6 9. O-O Bd7 10. f3 Nxd4 11. Bxd4 Bc6 12. Qd2 a5 13. b3 Nd7 14.
Bf2 Nc5 15. Rab1 e6 16. Rfe1 Be5 17. Bf1 Qf6 18. Ne2 g5 19. Be3 h6 20. h4 gxh4 21. Bxh6 Qg6 22. Qg5 Kh7 23. Qxg6+ Kxg6 24. Bxf8 Rxf8 25.
Rbd1 Kg5 26. Kf2 f5 27. exf5 exf5 28. Kg1 Rg8 29. Nd4 Kf4 30. a3 h3 31. b4 hxg2 32.
Bxg2 Na4 33. Ne6+ Kg3 34. b5 Bxf3 35. Rd3 Nc5 36. Rxf3+ Kh4 37. Rxe5 dxe5 38. Nxc5 f4 39. Nd3 Re8 40. Nxf4 exf4 41. Rxf4+ Kg3 42. Rf3+ Kg4 43. Rf7 b6 44. Rf6 Kg3 45. Rg6+ Kf4 46. Rxb6 Re3 47. c5 Rxa3 48. Rf6+ Ke5 49. Rf1 Rc3 50. b6 Rxc5 51.
Rb1 Rc8 52. b7 Rb8 53. Kf2 Kd6 54. Ke3 Kc5 55. Kd3 a4 56. Kc3 a3 57. Kb3 Rg8 58.
Kxa3 Rg3+ 59. Rb3 Rxg2 60. b8=Q 1-0

[Event "Late-Titled-Tuesday-Blitz-October-03-2023"]
[Site "Chess.com"]
[Date "2023.10.03"]
[Round "4"]
[White "GMBenjaminBok"]
[Black "sofaceindisguise"]
[Result "1-0"]
[WhiteElo "2988"]
[BlackElo "2820"]
[TimeControl "180+1"]
[EndTime "14:38:57 PDT"]
[Termination "GMBenjaminBok won by resignation"]

1. d4 Nf6 2. c4 e6 3. Nc3 d5 4. cxd5 exd5 5. Bg5 Be7 6. e3 c6 7. Bd3 O-O 8. h3 Nbd7 9. Qc2 Re8 10. Nf3 b5 11.
O-O a5 12. Rac1 h6 13. Bxf6 Bxf6 14. e4 Nb6 15. e5 Be7 16. Ne2 Bb7 17. Rfe1 Rc8 18.
e6 fxe6 19. Nf4 Bf6 20. Nxe6 Qd6 21. Nc5 Ba8 22. Bf5 Rcd8 23. Be6+ Kh8 24. Ne5 Bxe5 25. Rxe5 Nc4 26. Re2 Qf4 27. Rd1 Re7 28. b3 Na3 29. Qc1 Qxc1 30. Rxc1 b4 31. Bg4 Rde8 32. Kf1 Nb5 33.
Rxe7 Rxe7 34. Rd1 Bb7 35. Rd3 g6 36. Re3 Rf7 37. Re8+ Kg7 38. Be6 Rc7 39. Nd7 h5 40. Rg8+ Kh6 41. Ne5 Nxd4 42. Rxg6+ Kh7 43. Bg8+ Kh8 44.
Nf7+ Rxf7 45. Bxf7 Ba6+ 46. Ke1 Nb5 47. Rxc6 Bb7 48. Rb6 Bc6 49. Rxc6 Nc3 50. Rxc3 bxc3 51. Bxd5 c2 52. Kd2 c1=Q+ 53. Kxc1 1-0

[Event "Late-Titled-Tuesday-Blitz-October-03-2023"]
[Site "Chess.com"]
[Date "2023.10.03"]
[Round "4"]
[White "crazy_but_lazy"]
[Black "mishanick"]
[Result "0-1"]
[WhiteElo "2582"]
[BlackElo "3014"]
[TimeControl "180+1"]
[EndTime "14:38:57 PDT"]
[Termination "mishanick won by resignation"]

1. d4 Nf6 2. Nf3 d5 3. Bf4 c5 4.
c3 Nc6 5. e3 Qb6 6. Qb3 c4 7. Qc2 Bf5 8. Qc1 h6 9. h3 e6 10. Nbd2 Be7 11. Be2 O-O 12. O-O Qa5 13.
Ne5 Rfc8 14. Bf3 b5 15. a3 Qb6 16. Re1 a5 17. e4 dxe4 18. Nxe4 Nxe4 19. Bxe4 Bxe4 20.
Rxe4 Bf8 21. Nd7 Qb7 22. Nxf8 Rxf8 23. Bxh6 f6 24. Bf4 e5 25. dxe5 Nxe5 26. Qe3 Nd3 27.
Re7 Qd5 28. Rd1 Rf7 29. Re8+ Rxe8 30. Qxe8+ Rf8 31. Qe3 a4 32. Bc7 Kf7 33. Bg3 Re8 34.
Qa7+ Re7 35. Qb8 Qh5 36. Rd2 Qg5 37. Rd1 Qh5 38. Rd2 Re1+ 39. Kh2 Qd5 40. Qc7+ Re7 41.
Qc8 Qe4 42. Qg4 Qxg4 43. hxg4 Re1 44. Bd6 Rb1 45. Bb4 Rxb2 46. Rxb2 Nxb2 47. Kg3 Nd3 48.
Kf3 Nxb4 49. cxb4 Kg6 50. Kf4 Kh6 51. f3 Kg6 52. g3 Kh6 53. Ke4 Kg5 54. Kd4 Kg6 55.
Ke4 Kf7 56. Kd4 Ke6 57. Ke4 g6 58. Kd4 f5 59. gxf5+ gxf5 60. Ke3 Ke5 61. Ke2 Kd4 62. Kd2 Kd5 63. Ke3 f4+ 64. Kxf4 Kd4 65. g4 c3 66. g5 c2 67. g6 c1=Q+ 0-1

[Event "Late-Titled-Tuesday-Blitz-October-03-2023"]
[Site "Chess.com"]
[Date "2023.10.03"]
[Round "4"]
[White "aistrel"]
[Black "Evandro_Barbosa"]
[Result "1-0"]
[WhiteElo "2531"]
[BlackElo "2657"]
[TimeControl "180+1"]
[EndTime "14:38:59 PDT"]
[Termination "aistrel won on time"]

1. d4 Nf6 2. Nc3 d5 3. Bf4 a6 4.
e3 e6 5. g4 c5 6. g5 Nfd7 7. h4 Nc6 8. a3 Qb6 9. Nf3 cxd4 10.
exd4 Be7 11. h5 Qd8 12. Bd3 Nb6 13. Qd2 Nc4 14. Bxc4 dxc4 15. O-O-O Qa5 16. d5 exd5 17. Nxd5 Qxd2+ 18. Rxd2 Bd8 19. h6 g6 20. Bd6 Be6 21. Nf4 Be7 22. Bxe7 Kxe7 23. Re1 c3 24. bxc3 Rhc8 25.
Nd5+ Kf8 26. Nb6 Rab8 27. Nxc8 Rxc8 28. Nd4 Nd8 29. f4 Rxc3 30. Nf3 Rc8 31. Ne5 Bf5 32.
Nd7+ Bxd7 33. Rxd7 Ne6 34. Rxb7 Rc4 35. Rxe6 fxe6 36.
Rxh7 Rxf4 37. Rg7 Rh4 38. Rxg6 e5 39. Rxa6 Rh5 40. Rg6 Kf7 41. Rg7+ Ke6 42. Kd2 Kd5 43. a4 Kd4 44. a5 Rh2+ 45. Kc1 e4 46. h7 e3 47. g6 Kc3 48. Kb1 Rh1+ 49. Ka2 e2 50. Re7 Rh4 51. Rxe2 Ra4+ 52. Kb1 1-0

[Event "Late-Titled-Tuesday-Blitz-October-03-2023"]
[Site "Chess.com"]
[Date "2023.10.03"]
[Round "4"]
[White "tantaan"]
[Black "simplerXiao"]
[Result "1-0"]
[WhiteElo "2388"]
[BlackElo "2495"]
[TimeControl "180+1"]
[EndTime "14:38:59 PDT"]
[Termination "tantaan won by resignation"]

1. d4 Nf6 2. c4 e6 3. Nc3 Bb4 4. f3 b6 5. a3 Bxc3+ 6. bxc3 c5 7. e4 O-O 8. Bd3 d5 9. cxd5 exd5 10. e5 Nfd7 11.
Ne2 Ba6 12. O-O Bxd3 13. Qxd3 c4 14. Qc2 f5 15. Nf4 b5 16. Ne6 Qe7 17. Nxf8 Nxf8 18.
Qxf5 Nc6 19. Bg5 Qe8 20. Rae1 Ne6 21. Qg4 Qg6 22. Bd2 Qxg4 23. fxg4 a5 24. Rb1 b4 25.
axb4 axb4 26. cxb4 Ncxd4 27. Be3 Nb5 28. Ra1 Re8 29.
Ra5 d4 30. Rxb5 dxe3 31. Re1 Nd4 32. Rc5 Nc2 33. Re2 Rd8 34. g3 Rd1+ 35. Kg2 Rd2 36. Kf3 Nd4+ 37. Kxe3 Rd3+ 38. Kf2 Nxe2 39. Kxe2 Rc3 40.
e6 Kf8 41. Rc7 Rc2+ 42. Ke3 c3 43. Kd3 Rxh2 44. Kxc3 Rg2 45. b5 Rxg3+ 46. Kc4 Rxg4+ 47. Kc5 h5 48. b6 Rg1 49. b7 Rb1 50. Rc8+ Ke7 51.
b8=Q Rxb8 52. Rxb8 Kxe6 53. Kd4 Kf5 54. Ke3 Kg4 55.
Kf2 Kh3 56. Kg1 g5 57. Rb3+ Kh4 58. Kg2 g4 59. Rb4 Kg5 60. Ra4 Kh4 61. Ra5 g3 62.
Ra4+ Kg5 63. Kxg3 Kg6 64. Kh4 Kf5 65. Ra5+ Kf4 66. Kxh5 1-0

[Event "Late-Titled-Tuesday-Blitz-October-03-2023"]
[Site "Chess.com"]
[Date "2023.10.03"]
[Round "4"]
[White "JoakimVonAnd"]
[Black "koncheto"]
[Result "1-0"]
[WhiteElo "2723"]
[BlackElo "2533"]
[TimeControl "180+1"]
[EndTime "14:39:01 PDT"]
[Termination "JoakimVonAnd won by resignation"]

1. d4 Nf6 2. c4 e6 3. Nc3 c5 4. d5 exd5 5. cxd5 d6 6. Nf3 g6 7. Bf4 a6 8. a4 Qe7 9. Nd2 Nh5 10. Be3 f5 11. Nc4 Nd7 12. Qd2 Bg7 13. Bg5 Bf6 14. Bxf6 Nhxf6 15. e3 O-O 16. Be2 Ne5 17. Nb6 Rb8 18.
O-O Nfd7 19. Nxd7 Bxd7 20. a5 Qh4 21. g3 Qb4 22. Rfd1 Bb5 23. Nxb5 Qxd2 24. Rxd2 axb5 25. f4 Nc4 26. Bxc4 bxc4 27. Kf2 Ra8 28. Ra3 Ra6 29. Rc2 Rfa8 30. Rxc4 Rxa5 31. Rb3 b5 32. Rc2 Kf7 33.
h3 h5 34. Kf3 b4 35. e4 fxe4+ 36. Kxe4 Re8+ 37. Kf3 Ra1 38. Re3 Rd1 39. Rxe8 Kxe8 40. f5 g5 41. Re2+ Kf7 42. g4 hxg4+ 43. Kxg4 Rxd5 44.
Kxg5 Rd3 45. h4 c4 46. h5 d5 47. h6 Rg3+ 48. Kf4 Rg1 49. Rh2 Kg8 50. f6 Rf1+ 51.
Ke5 c3 52. bxc3 bxc3 53. Kxd5 Rd1+ 54. Ke6 Rd2 55. f7+ Kf8 56. Rxd2 cxd2 57. h7 Kg7 58. h8=Q+ 1-0

[Event "Late-Titled-Tuesday-Blitz-October-03-2023"]
[Site "Chess.com"]
[Date "2023.10.03"]
[Round "4"]
[White "valemava"]
[Black "santosalberto1987"]
[Result "1/2-1/2"]
[WhiteElo "2295"]
[BlackElo "2508"]
[TimeControl "180+1"]
[EndTime "14:39:04 PDT"]
[Termination "Game drawn - insufficient material"]

1. Nf3 d5 2. c4 c6 3. b3 Bf5 4.
Bb2 Nd7 5. g3 Ngf6 6. Bg2 h6 7.
O-O e6 8. d3 Be7 9. Nbd2 O-O 10.
Qe1 Bh7 11. a3 a5 12. Bc3 b5 13. Nd4 Qb6 14. cxb5 cxb5 15. b4 axb4 16. axb4 Rfc8 17.
N2b3 Ra4 18. Rb1 Nb8 19. Bd2 Nc6 20. Nxc6 Rxc6 21. Be3 Qb8 22. Bc5 Bxc5 23. Nxc5 Ra2 24. Ra1 Qa7 25. Qb1 Rxa1 26. Qxa1 Rc7 27. Qb2 Qb6 28. Ra1 Ra7 29. Ra3 Nd7 30. Nxd7 Rxd7 31.
Ra8+ Rd8 32. Qd4 Qc7 33. Qa7 Qc1+ 34. Bf1 Rf8 35. Rxf8+ Kxf8 36. Qb8+ Ke7 37. Qxb5 Bf5 38. h3 Bxh3 39. Qc5+ Qxc5 40. bxc5 Bxf1 41. Kxf1 d4 42. e3 e5 43. f4 f6 44. Ke2 Ke6 45. exd4 exd4 46. Kf3 f5 47. g4 g6 48. gxf5+ gxf5 49.
Kg3 Kd5 50. Kh4 Kxc5 51. Kh5 Kb4 52. Kxh6 Kc3 53. Kg5 Kxd3 54. Kxf5 Kc4 55. Ke6 d3 56. f5 d2 57. f6 d1=Q 58. f7 Qd5+ 59. Ke7 Qe5+ 60.
Kf8 Kd5 61. Kg8 Qg5+ 62. Kh7 Qh5+ 63. Kg8 Qg6+ 64. Kh8 Qh6+ 65. Kg8 Ke6 66. f8=Q Qg6+ 67. Qg7 Qxg7+ 68. Kxg7 1/2-1/2

[Event "Late-Titled-Tuesday-Blitz-October-03-2023"]
[Site "Chess.com"]
[Date "2023.10.03"]
[Round "4"]
[White "SergioMoralesG"]
[Black "chosenpr"]
[Result "1-0"]
[WhiteElo "2445"]
[BlackElo "2242"]
[TimeControl "180+1"]
[EndTime "14:39:04 PDT"]
[Termination "SergioMoralesG won on time"]

1. d4 Nf6 2. c4 e6 3. Nf3 Bb4+ 4. Nbd2 O-O 5. a3 Be7 6. e4 d6 7. Bd3 Nbd7 8. O-O e5 9. b4 a5 10. Bb2 exd4 11. Bxd4 Re8 12. Qc2 Nf8 13. Rad1 Ng6 14. Rfe1 Bg4 15. h3 Bxf3 16. Nxf3 Nd7 17. Bf1 Nde5 18. Nh2 Qc8 19. g3 axb4 20. axb4 Ra3 21. Re3 Rxe3 22. Bxe3 Nc6 23. b5 Nd8 24. f4 Bf8 25.
Nf3 f5 26. Bg2 Rxe4 27. Bf2 Re8 28. Nd4 Ne7 29. Re1 g6 30. Bd5+ Kh8 31. Be6 Qa8 32.
Bd7 Nf7 33. Bxe8 Qxe8 34. Ne6 Kg8 35. Nxc7 Qc8 36. Ne6 Bh6 37. Qc3 d5 38. Rc1 Qxe6 39.
c5 Bg7 40. Bd4 Bxd4+ 41. Qxd4 Nd8 42. Kf2 Qe4 43. Qf6 d4 44. Re1 Qc2+ 45. Re2 d3 46. Rxc2 dxc2 47. Qc3 Ne6 48. Qxc2 Nd5 49. Qa2 Nec7 50.
b6 1-0

[Event "Late-Titled-Tuesday-Blitz-October-03-2023"]
[Site "Chess.com"]
[Date "2023.10.03"]
[Round "4"]
[White "RebecaJimnz"]
[Black "egnfanclub"]
[Result "1-0"]
[WhiteElo "2213"]
[BlackElo "2386"]
[TimeControl "180+1"]
[EndTime "14:39:05 PDT"]
[Termination "RebecaJimnz won by resignation"]

1. e4 e5 2. d4 exd4 3. Qxd4 Nc6 4. Qe3 g6 5. Nc3 Bg7 6. Bd2 Nf6 7. O-O-O O-O 8. f3 Re8 9. Bc4 Na5 10. Bd3 d5 11.
Nge2 Nc6 12. Nb5 dxe4 13. fxe4 Ng4 14. Qg3 Be5 15. Qe1 Qf6 16. Rf1 Bxb2+ 17. Kb1 Qg7 18.
c3 a6 19. Nxc7 Be6 20. Nxe8 Rxe8 21. Kxb2 Nge5 22. Bf4 Bc4 23. Bc2 b5 24. Qf2 Nb4 25. Bxe5 Qxe5 26. Bb3 Qxe4 27. Ng3 Nd3+ 28. Rxd3 Qxd3 29.
Bxc4 Qxc4 30. Re1 Rd8 31. Qe2 Qc5 32. Qe3 Qc4 33. Ne4 Kg7 34. Qf4 f5 35. Qe5+ Kh6 36. Qf4+ Kg7 37. Qe5+ Kh6 38. Nf6 Rd2+ 39. Kc1 Qd3 40.
Qe3+ Qxe3 41. Rxe3 Kg5 42. Kxd2 Kxf6 43. Rd3 f4 44.
Rd6+ Ke5 45. Rxa6 g5 46. Kd3 g4 47. Rh6 f3 48. gxf3 gxf3 49. Ke3 Kd5 50. Kxf3 Kc4 51. Rxh7 Kxc3 52. Rb7 b4 53. Rb5 1-0

[Event "Late-Titled-Tuesday-Blitz-October-03-2023"]
[Site "Chess.com"]
[Date "2023.10.03"]
[Round "4"]
[White "GiorgianBarbosa"]
[Black "quvnoq_muxlis"]
[Result "1-0"]
[WhiteElo "2409"]
[BlackElo "2760"]
[TimeControl "180+1"]
[EndTime "14:39:06 PDT"]
[Termination "GiorgianBarbosa won by resignation"]

1. c4 Nf6 2. g3 e6 3. Bg2 d5 4. Nf3 Nbd7 5. O-O Be7 6. b3 O-O 7.
Ba3 Bxa3 8. Nxa3 a5 9. Nc2 a4 10. d4 c6 11. c5 Ne4 12. Nd2 Nc3 13. Qe1 Qf6 14. e4 Qg6 15. Qe3 Nb5 16. b4 a3 17.
Rab1 e5 18. exd5 Qxc2 19. dxc6 bxc6 20. Bxc6 Nxd4 21. Bxa8 Ba6 22. b5 Bxb5 23. Rxb5 Nxb5 24. Bc6 Nd4 25. Bxd7 Qxc5 26. Nb3 Qd6 27. Ba4 Ra8 28.
Nxd4 exd4 29. Qb3 Rb8 30. Bb5 g6 31. Rb1 Qc5 32. Qd3 Kg7 33. Kg2 h5 34. Rb3 Rb6 35.
Bc4 Rc6 36. Bb5 Rb6 37. h4 Rb7 38. Ba4 Ra7 39. Qb5 Qd6 40. Rd3 Re7 41. Bb3 Qf6 42.
Qc4 Re2 43. Rf3 Qe7 44. Rxf7+ Qxf7 45. Qxf7+ Kh6 46. Qg8 1-0

[Event "Late-Titled-Tuesday-Blitz-October-03-2023"]
[Site "Chess.com"]
[Date "2023.10.03"]
[Round "4"]
[White "azikom"]
[Black "protectiago"]
[Result "1-0"]
[WhiteElo "2584"]
[BlackElo "2062"]
[TimeControl "180+1"]
[EndTime "14:39:06 PDT"]
[Termination "azikom won on time"]

1. c4 Nf6 2. Nc3 g6 3. d4 d5 4. Bg5 Bg7 5. Bxf6 Bxf6 6. cxd5 c5 7. dxc5 Qa5 8. Qd2 Qxc5 9. Ne4 Qb6 10. Nxf6+ Qxf6 11. Rc1 O-O 12. Nf3 Rd8 13. e4 e6 14. e5 Qg7 15. Qg5 Qf8 16. d6 Nd7 17. Bc4 b5 18. Bb3 a5 19. O-O Bb7 20. Rc7 Bxf3 21. gxf3 a4 22.
Bc2 f6 23. exf6 Qxf6 24. Qxf6 Nxf6 25. Rd1 Nd5 26. Rc5 b4 27. Be4 Rxd6 28. Bxd5 exd5 29.
Rcxd5 Rf6 30. R1d3 Raf8 31. R5d4 Rf4 32. Kg2 Kg7 33. Kg3 g5 34. Rd7+ Kg6 35. Ra7 h5 36. Rxa4 g4 37. fxg4 Rxg4+ 38. Kh3 Rxf2 39. Ra6+ 1-0

[Event "Late-Titled-Tuesday-Blitz-October-03-2023"]
[Site "Chess.com"]
[Date "2023.10.03"]
[Round "4"]
[White "geordie_derraugh"]
[Black "Quattroporte300"]
[Result "1-0"]
[WhiteElo "2512"]
[BlackElo "2349"]
[TimeControl "180+1"]
[EndTime "14:39:08 PDT"]
[Termination "geordie_derraugh won by resignation"]

1. e4 c5 2. c3 d5 3. exd5 Qxd5 4. d4 Nf6 5. Nf3 e6 6. Na3 a6 7.
Nc2 Nc6 8. Be2 Be7 9. O-O O-O 10. Be3 Rd8 11. a4 cxd4 12. Ncxd4 Nxd4 13. Bxd4 Bd7 14. Ne5 Qd6 15. Nxd7 Rxd7 16. Qb3 Rad8 17. Bb6 Rc8 18.
Rad1 Qf4 19. Be3 Qc7 20. Rd3 Nd5 21. Bd2 Rcd8 22. Rd1 Qe5 23. Bf3 Bc5 24. g3 h6 25.
Bc1 b6 26. Kg2 Nf6 27. Bf4 Qf5 28. Rxd7 Rxd7 29. Rxd7 Nxd7 30. Qc4 Ne5 31. Bxe5 Qxe5 32. Qxa6 Qe1 33. Qe2 Qxe2 34. Bxe2 Kf8 35. b4 Bd6 36.
Kf3 Ke7 37. Ke4 Kd7 38. Bb5+ Kc7 39. Be8 f6 40. Bf7 Kd7 41. f4 g5 42. Bh5 Bf8 43. fxg5 hxg5 44. Be2 f5+ 45. Kd3 g4 46. Kc4 Kc7 47.
Kb5 Bd6 48. Bc4 f4 49. gxf4 Kd7 50. Kxb6 Bxf4 51. Be2 Bxh2 52. Bxg4 Kd6 53. c4 Bg1+ 54. c5+ Ke7 55. Kb7 e5 56. c6 1-0

[Event "Late-Titled-Tuesday-Blitz-October-03-2023"]
[Site "Chess.com"]
[Date "2023.10.03"]
[Round "4"]
[White "falzehope0"]
[Black "SanchezKelvin"]
[Result "0-1"]
[WhiteElo "2359"]
[BlackElo "2566"]
[TimeControl "180+1"]
[EndTime "14:39:09 PDT"]
[Termination "SanchezKelvin won by checkmate"]

1. d4 d5 2. e3 Nf6 3. Bd3 Bg4 4. Ne2 c6 5. O-O e6 6. Nd2 Nbd7 7. f4 Bd6 8. Nf3 Bxf3 9. gxf3 Qe7 10. c4 dxc4 11. Bxc4 c5 12. b3 cxd4 13. Nxd4 O-O 14. Bb2 Nb6 15.
Bd3 Rfd8 16. Qe2 Nfd5 17. Kh1 Ba3 18. Bxa3 Qxa3 19. Rg1 Qe7 20. Rg5 Qf6 21. Rag1 g6 22. f5 exf5 23. Rxf5 Qe7 24. e4 Nb4 25. Qe3 Rxd4 26.
Qxd4 Rd8 27. Re5 Qf8 28. Qe3 Nxd3 29. Reg5 Qe7 30. f4 Qxe4+ 31. Qxe4 Nf2+ 32. Kg2 Nxe4 33. Re5 Nf6 34. Re7 Rd7 35. Rxd7 Nbxd7 36. Rc1 Nd5 37. Rc8+ Kg7 38. Rd8 N7f6 39. Kf3 h6 40. Ra8 a6 41. Ra7 b5 42. Rxa6 b4 43. Ra7 Nc3 44. a4 bxa3 45.
Rxa3 Nb5 46. Ra5 Nd4+ 47. Kg2 Nxb3 48. Rb5 Nd4 49. Rb7 Ne6 50. Kg3 Nh5+ 51. Kf3 Nhxf4 52. Ra7 g5 53. Ra8 f5 54. Kf2 g4 55. Kg1 Nh3+ 56. Kf1 f4 57. Ra5 f3 58. Ke1 Neg5 59. Kf1 Kg6 60.
Rb5 Ne4 61. Rb6+ Kg5 62. Rb5+ Kf4 63. Rb4 Ke3 64. Rb3+ Kd4 65. Rb4+ Kd3 66. Rb3+ Nc3 67. Rb4 Ne4 68. Rb3+ Kd4 69. Rb4+ Kd5 70. Rb5+ Nc5 71.
Rb4 h5 72. Rb5 Kc4 73. Rb8 Ne4 74. Rc8+ Kd3 75. Rd8+ Ke3 76. Re8 h4 77. Re7 g3 78.
hxg3 hxg3 79. Rg7 Nd2+ 80. Ke1 f2+ 81. Kd1 f1=Q+ 82. Kc2 Qc4+ 83. Kb2 Qb3+ 84. Kc1 Qb1# 0-1